 Dungeon Crawl Stone Soup version 0.28.0 (webtiles) character file.

Game seed: 1928003551574659480

438 horus123 the Magician (level 7, 0/46 HPs)
             Began as an Octopode Cinder Acolyte on Feb 6, 2022.
             Was a High Priest of Ignis.
             Slain by Grinder (8 damage)
             ... on level 4 of the Dungeon.
             The game lasted 00:05:39 (4613 turns).

horus123 the Magician (Octopode Cinder Acolyte)     Turns: 4613, Time: 00:05:39

Health: 0/46       AC:  1    Str: 17    XL:     7   Next: 1%
Magic:  7/14       EV: 12    Int: 18    God:    Ignis [*****.]
Gold:   242        SH:  0    Dex: 12    Spells: 9/15 levels left

rFire   + . .      SeeInvis .   e - +6 great sword "Silifudu" {drain, Will- Str+3 Dex+5}
rCold   . . .      Faith    .   (shield currently unavailable)
rNeg    . . .      Spirit   .   (helmet restricted)
rPois   .          Reflect  .   (no amulet)
rElec   .          Harm     .   l - ring of willpower
rCorr   .          Rampage  .   (no ring)
Will    .....                   (no ring)
Stlth   ++........              (no ring)
HPRegen 0.15/turn               (no ring)
MPRegen 0.14/turn               (no ring)
                                (no ring)
                                (no ring)

@: no status effects
A: almost no armour, amphibious, 8 rings, camouflage 1, gelatinous body 1,
(nimble swimmer 1), tentacles
a: Renounce Religion, Fiery Armour, Foxfire Swarm, Rising Flame


You were on level 4 of the Dungeon.
You worshipped Ignis.
Ignis was extremely pleased with you.
You visited 1 branch of the dungeon, and saw 4 of its levels.

You collected 242 gold pieces.

Inventory:

Hand Weapons
 a - a -1 mace of flaming
 e - the +6 great sword "Silifudu" (weapon) {drain, Will- Str+3 Dex+5}
   (You found it on level 2 of the Dungeon)

   A truly terrible weapon, it drains the life of any living foe it strikes.
   Str:       It affects your strength (+3).
   Dex:       It affects your dexterity (+5).
   Will:      It decreases your willpower.
Jewellery
 j - a ring of ice
 l - a ring of willpower (left tentacle)
 p - a +4 ring of protection
Wands
 m - a wand of acid (7)
Scrolls
 h - a scroll of immolation {unknown}
 i - a scroll of teleportation
 k - a scroll of amnesia {unknown}
 n - a scroll of identify
Potions
 b - 3 potions of resistance
 c - 2 potions of curing
 d - 2 potions of cancellation {unknown}
 f - a potion of flight {unknown}
 g - a potion of brilliance {unknown}
 o - a potion of might {unknown}


   Skills:
 - Level 3.0 Fighting
 - Level 4.2 Long Blades
 - Level 3.0 Maces & Flails
 + Level 4.9 Spellcasting
 - Level 3.0 Fire Magic


You had 9 spell levels left.
You knew the following spells:

 Your Spells              Type           Power      Damage    Failure   Level
a - Scorch                Fire           30%        2d7       6%          2
b - Iskenderun's Mystic   Conj/Tloc      4%         2d3       80%         4

Your spell library contained the following spells:

 Spells                   Type           Power      Damage    Failure   Level
 Sublimation of Blood     Necr           4%         N/A       21%         2
 Wereblood                Tmut           4%         N/A       21%         2
 Dazzling Flash           Conj/Hex       8%         N/A       38%         3
 Starburst                Conj/Fire      4%         6d4       100%        6
 Summon Hydra             Summ           2%         N/A       100%        7


Dungeon Overview and Level Annotations

Branches:
Dungeon (4/15)
 Temple: D:4-7

Altars:

Shops:
D:1 *   D:4 [

Annotations:
D:4 Grinder


Innate Abilities, Weirdness & Mutations

You cannot wear most types of armour.
You are amphibious.
You can wear up to eight rings at the same time.
Your skin changes colour to match your surroundings (Stealth+).
Your rubbery body absorbs attacks. (AC +1, EV +1)
((You are camouflaged when in or above water. (Stealth+)))
You have tentacles for arms and can constrict up to eight enemies at once.


Message History

You kill the orc!
Things that are here:
a +0 short sword; a +0 scale mail; an orc corpse
Things that are here:
a +0 flail; a +0 scale mail; an orc corpse
o - a grey potion
Things that are here:
a +0 trident; a boomerang You now have 242 gold pieces (gained 13).
Grinder comes into view.
You see here a +4 ring of protection.
Grinder is nearby!
p - a +4 ring of protection Grinder shouts!
Found a stone staircase leading down.
Flames lash Grinder.
Grinder is moderately wounded.
Grinder's fire resistance burns away.
Flames lash Grinder.
Grinder is burned terribly!
Grinder is severely wounded.
Flames lash Grinder.
Grinder is burned terribly!
Grinder is almost dead.
Grinder gestures at you.
You suddenly lose the ability to move!
Grinder hits you!
You writhe in agony.
Grinder drinks a potion.
Grinder is healed!
Grinder hits you.
You writhe in agony.
Grinder gestures at you. Pain shoots through your body! Grinder hits you!
* * * LOW HITPOINT WARNING * * *
You writhe in agony.
* * * LOW HITPOINT WARNING * * *
You can move again.
Casting: Scorch (safe; 6% risk of failure)
Press: ? - help, Q - select action, (/) - cycle Dir - look around, f - activate Flames lash Grinder.
Grinder is burned terribly!
Grinder is moderately wounded.
Grinder hits you!
You die...

### .# ## #.. .# >
### #.# .. #.#..
#.# .# #.#.. #.#
.####.# #.... ###.#
>.... ###..
##(..#####..# #..
#........@5.# #..
#.......###.# #..
#.....### # ##.#
##)).## #..#
##)####### #.##
#.)...... #.#
######..###### #.#
#.......# #### #.#
#....#...####...#.#
# #.#


You could see Grinder (combustible).

Vanquished Creatures
  Menkaure (D:4)
  An orc priest (D:3)
  An iguana (D:4)
  2 orc wizards
  7 adders
  3 gnolls (D:3)
  2 worms (D:2)
  16 orcs
  4 bats
  9 endoplasms
  2 giant cockroaches (D:1)
  8 goblins
  9 hobgoblins
  6 jackals
  A quokka (D:2)
  10 ball pythons
  4 frilled lizards
  7 kobolds
  9 rats
102 creatures vanquished.

Notes
Turn   | Place    | Note
-------+----------+-------------------------------------------
     0 | D:1      | horus123 the Octopode Cinder Acolyte began the quest for
                  | the Orb.
     0 | D:1      | Reached XP level 1. HP: 16/16 MP: 2/2
   262 | D:1      | Reached XP level 2. HP: 18/21 MP: 4/4
   490 | D:1      | Found a faded altar of an unknown god.
   651 | D:1      | Learned a level 2 spell: Scorch
   727 | D:1      | Reached XP level 3. HP: 26/26 MP: 1/6
   882 | D:1      | Found Veta's Assorted Antiques.
  2001 | D:2      | Identified the +6 great sword "Silifudu" {drain, Will-
                  | Str+3 Dex+5}
  2114 | D:2      | Reached XP level 4. HP: 19/31 MP: 9/9
  2245 | D:2      | Reached skill level 1 in Long Blades
  2570 | D:3      | Learned a level 4 spell: Iskenderun's Mystic Blast
  2950 | D:3      | Reached XP level 5. HP: 30/36 MP: 10/10
  3571 | D:3      | Reached XP level 6. HP: 27/42 MP: 11/11
  4024 | D:4      | Found Ninwoc's Antique Armour Shop.
  4147 | D:4      | Noticed Menkaure
  4153 | D:4      | Killed Menkaure
  4510 | D:4      | Reached XP level 7. HP: 46/46 MP: 11/14
  4601 | D:4      | Noticed Grinder
  4607 | D:4      | Paralysed by Grinder for 6 turns
  4613 | D:4      | Slain by Grinder

Illustrated notes

Levels and vault maps discovered:
D:1:      roderic_crossed_star, layout_basic,
          hellmonk_ecumenical_altar_pennies_from_heaven, serial_shops,
          nicolae_shop_hallway_plus, st_stairs_10
D:2:      layout_basic, minmay_tromino_v4_c
D:3:      layout_basic, solitary_fountain
D:4:      layout_loops_ring, temple_hall, serial_shops,
          nicolae_shop_competitors_out_of_business, minmay_crystal_room,
          uniq_grinder, uniq_menkaure, uniq_crazy_yiuf_cottage

Skill      XL: |  1  2  3  4  5  6 |
---------------+-------------------+-----
Spellcasting   | 2 3 4 |  4.9
Long Blades    | 2 4 |  4.2
Fighting       | |  3.0
Maces & Flails | |  3.0
Fire Magic     | |  3.0

Action                   |  1- 3 |  4- 6 |  7- 9 || total
-------------------------+-------+-------+-------++-------
Melee: Mace              |    64 |       |       ||    64
       Constrict         |    16 |    14 |       ||    30
       Tentacles         |     5 |     7 |       ||    12
       Punch             |     2 |       |       ||     2
       Great sword       |     5 |    76 |       ||    81
 Cast: Scorch            |    14 |    12 |     8 ||    34
  Use: Scroll            |     4 |     1 |       ||     5
 Stab: Sleeping          |     5 |     3 |       ||     8
Armor: Skin              |     1 |     3 |       ||     4
Dodge: Dodged            |    42 |    41 |       ||    83
